Map: Dusk Towers

Players

Jamileon

  • Race: Protoss Protoss
  • League: Master

Chris (MCanning) - Winner!

  • Race: Protoss Protoss
  • League: Master

VOD

Have the link to the VOD?

Description

Time

  • Played on: Nov. 13, 2015, 11:06 p.m.
  • Length: 17:18
Show
View Real Time Build Order
Export as new Build Order

Jamileon Protoss 

Build Orders: Nexus First, Blink Stalkers 

Get SALT Encoding   

  12  0:01  Probe (Chrono Boost)  
  13  0:12  Probe (Chrono Boost)  
  14  0:19  Pylon  
  14  0:22  Probe (Chrono Boost)  
  15  0:37  Probe (Chrono Boost)  
  16  0:48  Probe (Chrono Boost)  
  17  0:58  Nexus  
  17  1:08  Gateway  
  17  1:10  Probe (Chrono Boost)  
  18  1:16  Assimilator  
  18  1:20  Probe (Chrono Boost)  
  18  1:25  Assimilator  
  19  1:31  Probe (Chrono Boost)  
  20  1:38  Gateway  
  20  1:41  Probe (Chrono Boost)  
  20  1:46  Pylon  
  21  1:52  Probe (Chrono Boost)  
  22  1:59  Cybernetics Core  
  22  2:03  Probe (Chrono Boost)  
  23  2:12  Probe (Chrono Boost)  
  24  2:17  Probe (Chrono Boost)  
  24  2:22  Probe (Chrono Boost)  
  26  2:29  Probe (Chrono Boost)  
  27  2:33  Probe (Chrono Boost)  
  27  2:35  Adept x2 (Chrono Boost)  
  27  2:36  Warp Gate  
  32  2:42  Mothership Core (Chrono Boost)  
  34  2:44  Probe  
  35  2:57  Probe (Chrono Boost)  
  36  3:00  Twilight Council  
  36  3:03  Probe (Chrono Boost)  
  36  3:05  Stalker  
  39  3:15  Stalker  
  39  3:16  Probe (Chrono Boost), Pylon  
  39  3:19  Probe (Chrono Boost)  
  43  3:27  Probe (Chrono Boost)  
  44  3:30  Probe (Chrono Boost)  
  44  3:38  Blink (Chrono Boost)  
  44  3:39  Probe (Chrono Boost)  
  44  3:40  Probe (Chrono Boost)  
  45  3:42  Stalker  
  47  3:54  Probe  
  46  3:57  Stalker  
  46  3:59  Probe  
  46  4:01  Assimilator  
  47  4:06  Assimilator  
  47  4:07  Gateway x2  
  47  4:16  Robotics Facility  
  47  4:20  Probe  
  47  4:21  Probe  
  49  4:30  Probe  
  49  4:33  Probe  
  51  4:41  Probe  
  51  4:44  Pylon x2  
  52  4:45  Probe  
  52  4:51  Probe  
  53  4:53  Pylon  
  54  5:02  Probe  
  54  5:04  Gateway, Observer (Chrono Boost)  
  54  5:06  Probe  
  57  5:07  Stalker x3  
  57  5:10  Stalker  
  65  5:14  Probe  
  65  5:18  Pylon  
  66  5:23  Warp Prism (Chrono Boost)  
  68  5:33  Robotics Bay  
  68  5:35  Probe  
  69  5:36  Forge  
  69  5:48  Nexus  
  69  5:51  Sentry x2  
  73  5:59  Immortal (Chrono Boost), Probe  
  78  6:06  Probe  
  79  6:11  Probe  
  79  6:13  Protoss Ground Weapons Level 1  
  79  6:18  Probe  
  81  6:19  Pylon  
  81  6:20  Pylon  
  81  6:28  Adept  
  81  6:29  Adept  
  81  6:32  Probe  
  86  6:33  Gravitic Drive  
  86  6:37  Disruptor (Chrono Boost)  
  89  6:40  Robotics Facility  
  89  6:42  Probe  
  89  6:44  Probe, Pylon  
  91  6:48  Adept x2  
  95  6:57  Photon Cannon  
  95  6:59  Probe, Photon Cannon  
  95  7:00  Probe  
  97  7:06  Probe  
  98  7:12  Probe, Disruptor (Chrono Boost)  
  98  7:14  Stalker  
  104  7:16  Probe  
  104  7:18  Probe  
  104  7:21  Assimilator  
  106  7:23  Assimilator  
  106  7:24  Probe  
  106  7:26  Pylon  
  106  7:27  Probe  
  106  7:29  Disruptor (Chrono Boost)  
  111  7:30  Probe  
  109  7:47  Adept x2, Disruptor (Chrono Boost)  
  109  7:48  Adept  
  109  7:50  Probe x2  
  114  7:58  Probe  
  114  8:00  Disruptor (Chrono Boost)  
  114  8:02  Probe, Dark Shrine  
  114  8:04  Pylon  
  117  8:08  Gateway  
  117  8:09  Gateway  
  117  8:17  Pylon  
  117  8:18  Disruptor (Chrono Boost)  
  120  8:20  Photon Cannon  
  120  8:23  Stalker x4  
  120  8:26  Protoss Ground Weapons Level 2 (Chrono Boost)  
  128  8:32  Observer (Chrono Boost)  
  129  8:40  Stalker  
  131  8:45  Pylon  
  131  8:51  Nexus  
  131  8:54  Warp Prism (Chrono Boost), Robotics Facility  
  129  9:00  Disruptor (Chrono Boost)  
  130  9:05  Assimilator  
  130  9:24  Assimilator  
  130  9:25  Dark Templar, Disruptor (Chrono Boost), Photon Cannon  
  130  9:26  Dark Templar  
  130  9:27  Photon Cannon  
  130  9:29  Photon Cannon  
  137  9:35  Immortal (Chrono Boost)  
  141  9:41  Stalker x4  
  141  9:44  Charge  
  149  10:00  Gateway  
  149  10:01  Gateway  
  149  10:05  Dark Templar  
  151  10:09  Templar Archives  
  151  10:10  Zealot x3  
  147  10:14  Immortal (Chrono Boost)  
  147  10:31  Immortal (Chrono Boost)  
  155  10:36  Immortal (Chrono Boost)  
  149  10:45  Protoss Ground Weapons Level 3  
  149  10:48  Warp Prism (Chrono Boost)  
  151  10:55  Photon Cannon  
  149  10:58  Photon Cannon  
  149  11:00  High Templar x3  
  149  11:01  High Templar  
  149  11:02  Zealot x5  
  167  11:04  Archon  
  167  11:05  Immortal (Chrono Boost), Archon  
  171  11:29  Pylon  
  171  11:30  Pylon x2  
  171  11:32  Pylon x3  
  171  11:33  Pylon  
  171  11:36  Pylon  
  171  11:50  High Templar x2  
  171  11:51  High Templar x2  
  171  11:52  Zealot x5  
  189  11:55  Archon x2  
  189  12:00  Immortal (Chrono Boost)  
  193  12:03  Gateway  
  193  12:05  Gateway  
  186  12:22  High Templar x2  
  151  12:24  Disruptor (Chrono Boost)  
  151  12:27  Archon  
  151  12:29  Disruptor (Chrono Boost)  
  157  12:33  Disruptor (Chrono Boost)  
  154  12:47  Zealot x5  
  154  12:48  Zealot x2  
  133  12:55  Disruptor (Chrono Boost)  
  125  13:04  Disruptor (Chrono Boost)  
  125  13:05  Disruptor (Chrono Boost)  
  119  13:13  Stalker x6  
  119  13:14  Stalker x3  
  129  13:26  Disruptor (Chrono Boost)  
  119  13:35  Disruptor (Chrono Boost)  
  119  13:38  High Templar  
  119  13:39  Zealot, High Templar  
  119  13:40  Disruptor (Chrono Boost), Zealot x7  
  145  13:44  Archon  
  145  13:50  Pylon  
  145  13:52  Pylon  
  145  13:58  Immortal (Chrono Boost)  
  149  14:15  High Templar x4  
  149  14:16  High Templar x2  
  161  14:17  Nexus  
  161  14:19  Archon x2  
  161  14:20  Archon  
  145  14:24  Zealot x4  
  153  14:40  Stalker  
  153  14:42  Immortal x2 (Chrono Boost)  
  153  14:45  Stalker x2  
  167  14:58  Stalker x4  
  175  15:07  High Templar  
  175  15:08  Assimilator  
  175  15:09  High Templar  
  175  15:14  Archon, Assimilator  
  179  15:15  Pylon  
  140  15:35  Nexus  
  140  15:37  Stalker x6  
  140  15:38  Pylon  
  140  15:41  Pylon  
  152  15:44  High Templar x2  
  156  15:51  Archon  
  156  16:08  Stalker x7  
  170  16:12  Dark Templar  
  170  16:31  Immortal x2 (Chrono Boost)  
  178  16:37  Photon Cannon  
  178  16:40  Photon Cannon  
  176  16:47  Stalker x3  
Show
View Real Time Build Order
Export as new Build Order

Chris Protoss - Winner!

Build Orders: 1 Gate Expand 

Get SALT Encoding   

  12  0:01  Probe (Chrono Boost)  
  13  0:11  Probe (Chrono Boost)  
  14  0:19  Pylon  
  14  0:22  Probe (Chrono Boost)  
  15  0:37  Probe (Chrono Boost)  
  15  0:40  Gateway  
  16  0:47  Probe (Chrono Boost)  
  17  0:51  Assimilator  
  17  0:58  Probe (Chrono Boost)  
  18  1:09  Probe (Chrono Boost)  
  19  1:20  Nexus  
  19  1:28  Cybernetics Core  
  19  1:35  Assimilator  
  19  1:37  Probe (Chrono Boost)  
  20  1:48  Probe (Chrono Boost)  
  20  1:49  Pylon  
  21  1:58  Probe (Chrono Boost)  
  22  2:09  Probe (Chrono Boost), Adept (Chrono Boost)  
  25  2:20  Mothership Core (Chrono Boost)  
  25  2:21  Warp Gate  
  27  2:32  Probe (Chrono Boost)  
  28  2:39  Probe (Chrono Boost)  
  28  2:40  Stalker  
  28  2:43  Probe (Chrono Boost)  
  32  2:50  Probe (Chrono Boost)  
  33  2:52  Pylon  
  33  2:54  Probe (Chrono Boost)  
  34  3:00  Probe (Chrono Boost)  
  34  3:04  Probe (Chrono Boost)  
  36  3:07  Twilight Council  
  36  3:11  Probe (Chrono Boost)  
  37  3:15  Probe (Chrono Boost)  
  38  3:21  Probe (Chrono Boost)  
  38  3:25  Probe (Chrono Boost)  
  40  3:28  Gateway  
  40  3:29  Gateway  
  40  3:32  Probe (Chrono Boost)  
  40  3:34  Stalker  
  41  3:42  Probe (Chrono Boost)  
  41  3:44  Pylon  
  40  3:52  Probe (Chrono Boost)  
  40  3:54  Probe (Chrono Boost)  
  39  4:02  Blink (Chrono Boost)  
  39  4:03  Probe x2 (Chrono Boost)  
  41  4:14  Probe (Chrono Boost)  
  41  4:15  Probe (Chrono Boost)  
  43  4:20  Robotics Facility  
  43  4:24  Probe  
  43  4:25  Sentry  
  43  4:26  Probe  
  43  4:27  Stalker  
  43  4:29  Stalker  
  51  4:34  Probe  
  51  4:38  Probe  
  53  4:41  Pylon  
  53  4:45  Probe  
  53  4:49  Assimilator  
  54  4:53  Stalker x2, Assimilator  
  58  5:01  Stalker  
  58  5:03  Probe, Forge  
  61  5:07  Pylon  
  61  5:10  Probe  
  61  5:12  Observer (Chrono Boost)  
  63  5:15  Probe  
  63  5:19  Stalker  
  63  5:20  Probe  
  66  5:25  Pylon  
  66  5:28  Probe  
  68  5:34  Stalker x2  
  72  5:39  Protoss Ground Weapons Level 1 (Chrono Boost)  
  70  5:49  Gateway  
  70  5:50  Gateway  
  70  5:55  Stalker  
  72  5:57  Stalker x2  
  72  6:02  Probe  
  77  6:10  Pylon  
  77  6:13  Nexus  
  77  6:17  Pylon  
  77  6:18  Probe  
  77  6:24  Probe  
  77  6:32  Robotics Bay  
  78  6:35  Probe x2  
  80  6:40  Photon Cannon  
  80  6:42  Stalker, Photon Cannon  
  80  6:45  Probe  
  82  6:47  Probe  
  84  6:55  Stalker x2  
  84  6:56  Probe  
  89  7:07  Probe  
  90  7:13  Probe  
  91  7:15  Robotics Facility  
  91  7:16  Disruptor (Chrono Boost)  
  91  7:17  Pylon  
  94  7:24  Probe x2  
  94  7:25  Probe  
  94  7:26  Pylon  
  94  7:28  Gateway  
  97  7:33  Protoss Ground Weapons Level 2 (Chrono Boost)  
  97  7:35  Probe  
  97  7:36  Probe  
  99  7:37  Probe  
  97  7:49  Stalker x4  
  105  7:57  Probe  
  103  8:01  Disruptor (Chrono Boost)  
  103  8:02  Probe, Disruptor (Chrono Boost)  
  103  8:04  Probe  
  111  8:07  Photon Cannon  
  111  8:11  Assimilator  
  111  8:16  Assimilator  
  111  8:17  Probe  
  112  8:24  Probe  
  113  8:30  Disruptor (Chrono Boost)  
  113  8:32  Probe  
  113  8:33  Gateway, Disruptor (Chrono Boost)  
  120  8:35  Gateway  
  120  8:36  Pylon  
  120  8:37  Pylon  
  120  8:40  Photon Cannon  
  120  8:44  Stalker x2  
  124  8:58  Stalker  
  124  8:59  Stalker  
  128  9:02  Disruptor (Chrono Boost)  
  128  9:07  Disruptor (Chrono Boost)  
  134  9:11  Probe  
  134  9:13  Stalker  
  134  9:14  Stalker x2  
  141  9:19  Pylon  
  141  9:21  Pylon  
  140  9:24  Pylon  
  140  9:31  Probe  
  140  9:37  Disruptor  
  141  9:38  Templar Archives  
  141  9:42  Nexus  
  141  9:44  Pylon  
  144  9:45  Disruptor  
  147  9:56  Pylon  
  147  10:02  Stalker  
  147  10:03  Stalker x2  
  153  10:08  Disruptor  
  153  10:14  Photon Cannon  
  156  10:17  Photon Cannon  
  152  10:22  Observer  
  152  10:23  Photon Cannon x2  
  150  10:42  Photon Cannon  
  150  10:43  Observer, Photon Cannon  
  150  10:46  Probe  
  150  10:47  Photon Cannon  
  152  10:50  Disruptor  
  152  10:53  Protoss Ground Weapons Level 3 (Chrono Boost)  
  153  11:00  Photon Cannon  
  153  11:04  Disruptor, High Templar x2, Photon Cannon  
  154  11:07  Probe  
  154  11:09  Archon  
  160  11:16  Probe  
  160  11:18  Probe x2  
  162  11:20  Probe  
  162  11:24  Pylon  
  164  11:25  Pylon  
  164  11:27  Pylon  
  164  11:30  Photon Cannon  
  164  11:34  Photon Cannon  
  164  11:39  Probe  
  163  11:43  Pylon  
  163  11:45  Pylon  
  163  11:47  High Templar  
  163  11:48  High Templar x3  
  163  11:50  High Templar, Assimilator  
  163  11:54  Archon x2  
  173  11:55  Assimilator  
  173  12:00  High Templar  
  175  12:01  Zealot x2  
  175  12:03  Pylon  
  175  12:07  Gateway, Pylon, Archon  
  178  12:09  Gateway  
  175  12:16  Probe  
  165  12:23  Stalker x2  
  165  12:24  Stalker x4  
  177  12:30  Probe  
  177  12:32  Probe  
  172  12:39  Adept  
  172  12:40  Adept  
  156  12:53  Disruptor  
  156  12:56  Stalker x4  
  156  12:57  Stalker x2  
  165  13:02  Probe, Disruptor  
  169  13:10  Probe  
  155  13:25  Disruptor (Chrono Boost)  
  142  13:36  Stalker x4  
  142  13:37  Stalker  
  142  13:38  Disruptor (Chrono Boost)  
  155  13:46  Pylon  
  155  13:52  Probe  
  155  13:55  Nexus  
  156  13:57  Pylon  
  156  13:59  Probe  
  156  14:00  Disruptor (Chrono Boost)  
  160  14:04  Probe  
  160  14:06  Stalker x5  
  171  14:13  Disruptor (Chrono Boost)  
  171  14:24  Stalker  
  171  14:25  Stalker x4  
  181  14:34  Disruptor (Chrono Boost)  
  181  14:35  Probe  
  172  14:46  Protoss Ground Armor Level 1 (Chrono Boost)  
  172  14:52  Adept  
  174  14:53  Adept x6  
  174  14:58  Photon Cannon  
  186  15:05  Disruptor x2 (Chrono Boost)  
  189  15:10  Pylon  
  192  15:17  Probe  
  192  15:21  Probe  
  185  15:25  Probe  
  185  15:26  Probe  
  144  15:30  Stalker x2  
  144  15:31  Stalker  
  144  15:34  Stalker x2  
  154  15:40  Disruptor (Chrono Boost)  
  154  15:41  Disruptor (Chrono Boost)  
  154  15:42  Probe  
  158  16:03  Stalker x4  
  158  16:04  Stalker x2  
  168  16:07  Probe  
  171  16:11  Disruptor (Chrono Boost)  
  171  16:12  Disruptor (Chrono Boost)  
  171  16:13  Dark Shrine  
  171  16:18  Assimilator  
  177  16:20  Probe  
  177  16:23  Assimilator  
  178  16:29  Stalker x2  
  178  16:30  Stalker  
  184  16:35  Stalker x2  
  184  16:38  Zealot x3  
  194  16:42  Disruptor (Chrono Boost), Photon Cannon  
  194  16:43  Photon Cannon  
  197  16:53  Probe  
  198  16:54  Probe  
  156  17:13  Stalker x6  
  156  17:14  Stalker  
Tags
 
Add a new tag
Caveats
  • Supply blocks, unpowered buildings, or Contaminate may cause inaccurate times.
  • Supply counts are checked every 10 seconds.